[Event "ICC tourney 2069 (15 5)"]
[Site "Internet Chess Club"]
[Date "2020.10.18"]
[Round "5"]
[White "KukuCoolGuy05"]
[Black "smanek75"]
[Result "1-0"]
[ICCResult "Black checkmated"]
[WhiteElo "1616"]
[BlackElo "1672"]
[Opening "Scandinavian (center counter) defense"]
[ECO "B01"]
[NIC "SD.02"]
[Time "16:03:06"]
[TimeControl "900+5"]

1. e4 d5 2. exd5 Qxd5 3. Nc3 Qe5+ 4. Nge2 Bg4 5. d3 Bxe2 6. Qxe2 Qxe2+ 7.
Bxe2 Nc6 8. Bf4 e5 9. Bg3 O-O-O 10. Bf3 Nd4 11. Bxe5 Nxc2+ 12. Kd2 Nxa1 13.
Rxa1 f6 14. Bg3 c6 15. Re1 Bb4 16. Bg4+ Rd7 17. Re8# {Black checkmated} 1-0

[Event "ICC tourney 2069 (15 5)"]
[Site "Internet Chess Club"]
[Date "2020.10.18"]
[Round "5"]
[White "ik2005"]
[Black "rhohn"]
[Result "0-1"]
[ICCResult "White checkmated"]
[WhiteElo "1199"]
[BlackElo "986"]
[Opening "Two knights defense"]
[ECO "C57"]
[NIC "KP.01"]
[Time "16:02:59"]
[TimeControl "900+5"]

1. e4 e5 2. Nf3 Nc6 3. Bc4 Nf6 4. Ng5 d5 5. exd5 Nxd5 6. Qf3 Qxg5 7. Bxd5
Nd4 8. Qxf7+ Kd8 9. Be4 Be6 10. d3 Qxc1# {White checkmated} 0-1

[Event "ICC tourney 2069 (15 5)"]
[Site "Internet Chess Club"]
[Date "2020.10.18"]
[Round "5"]
[White "temporarydanger"]
[Black "ANJANIPODICC"]
[Result "1-0"]
[ICCResult "Black checkmated"]
[WhiteElo "1147"]
[BlackElo "1028"]
[Opening "French: advance variation"]
[ECO "C02"]
[NIC "FR.03"]
[Time "16:02:48"]
[TimeControl "900+5"]

1. e4 e6 2. d4 d5 3. e5 f6 4. f4 fxe5 5. fxe5 Qh4+ 6. g3 Qe4+ 7. Kf2 Qxh1 8.
Nf3 Qxh2+ 9. Nxh2 g5 10. Bxg5 h6 11. Qh5+ Kd7 12. Qf7+ Kc6 13. Qe8+ Nd7 14.
Qxe6+ Bd6 15. c4 b6 16. Qxd5# {Black checkmated} 1-0

[Event "ICC tourney 2069 (15 5)"]
[Site "Internet Chess Club"]
[Date "2020.10.18"]
[Round "5"]
[White "Amiral"]
[Black "chessplayz"]
[Result "0-1"]
[ICCResult "White checkmated"]
[WhiteElo "1276"]
[BlackElo "1290"]
[Opening "Konstantinopolsky opening"]
[ECO "A04"]
[NIC "QP.11"]
[Time "16:03:04"]
[TimeControl "900+5"]

1. Nf3 Nc6 2. g3 e5 3. e4 Nf6 4. d3 Bc5 5. Bg2 d6 6. O-O Bg4 7. Nbd2 Nd4 8.
h3 Nxf3+ 9. Nxf3 Bh5 10. h4 Qd7 11. Bg5 O-O-O 12. Bxf6 gxf6 13. Qd2 Rhg8 14.
b4 Bb6 15. a4 a6 16. c4 Bxf3 17. Bxf3 Rxg3+ 18. Kh1 Qh3# {White checkmated}
0-1

[Event "ICC tourney 2069 (15 5)"]
[Site "Internet Chess Club"]
[Date "2020.10.18"]
[Round "5"]
[White "prajit5803"]
[Black "njchess"]
[Result "1-0"]
[ICCResult "Black checkmated"]
[WhiteElo "1126"]
[BlackElo "817"]
[Opening "Giuoco Pianissimo: Italian four knights variation"]
[ECO "C50"]
[NIC "IG.02"]
[Time "16:02:57"]
[TimeControl "900+5"]

1. e4 e5 2. Nf3 Nc6 3. Bc4 Bc5 4. d3 Nf6 5. Nc3 O-O 6. Bg5 d6 7. Nd5 Qd7 8.
Nxf6+ gxf6 9. Bxf6 Bb4+ 10. c3 Bc5 11. Nh4 Na5 12. Nf5 Re8 13. Qg4+ Kf8 14.
Qg7# {Black checkmated} 1-0

[Event "ICC tourney 2069 (15 5)"]
[Site "Internet Chess Club"]
[Date "2020.10.18"]
[Round "5"]
[White "shreyanshdaga"]
[Black "sayhi2tejas"]
[Result "0-1"]
[ICCResult "White checkmated"]
[WhiteElo "337"]
[BlackElo "1182"]
[Opening "Four knights: Italian variation"]
[ECO "C47"]
[NIC "KP.06"]
[Time "16:02:43"]
[TimeControl "900+5"]

1. e4 e5 2. Nf3 Nc6 3. Nc3 Nf6 4. Bc4 Nxe4 5. Nxe4 d5 6. Bxd5 Qxd5 7. Nc3
Qa5 8. Kf1 Bb4 9. g3 Bh3+ 10. Kg1 Rd8 11. Ng5 Bf5 12. Qf3 Nd4 13. Qh5 g6 14.
Qh6 Bf8 15. Qh4 f6 16. Nf3 Nxf3+ 17. Kg2 Nxh4+ 18. Kg1 Nf3+ 19. Kg2 Nxd2 20.
Rd1 Nc4 21. Rxd8+ Kxd8 22. Be3 Nxb2 23. Rb1 Qxc3 24. Bxa7 Qxc2 25. Ra1 b6
26. Bb8 Nd3 27. Rg1 Qd2 28. Rf1 Be4+ 29. Kh3 Qh6+ 30. Kg4 f5# {White
checkmated} 0-1

[Event "ICC tourney 2069 (15 5)"]
[Site "Internet Chess Club"]
[Date "2020.10.18"]
[Round "5"]
[White "john-hartmann"]
[Black "ashvathk5"]
[Result "1-0"]
[ICCResult "Black checkmated"]
[WhiteElo "1554"]
[BlackElo "1397"]
[Opening "Ruy Lopez: Berlin defense, Beverwijk variation"]
[ECO "C64"]
[NIC "RL.01"]
[Time "16:05:05"]
[TimeControl "900+5"]

1. e4 e5 2. Nf3 Nc6 3. Bb5 Bc5 4. O-O Nf6 5. d3 O-O 6. c3 d6 7. Nbd2 Bg4 8.
h3 Bh5 9. Re1 a6 10. Ba4 b5 11. Bc2 h6 12. Nf1 Nh7 13. Ng3 Bg6 14. a4 bxa4
15. Rxa4 f5 16. exf5 Bxf5 17. Nxf5 Rxf5 18. d4 e4 19. Bxe4 Rf8 20. dxc5 Qd7
21. Qd5+ Rf7 22. Qxc6 Qxc6 23. Bxc6 Raf8 24. Bd5 dxc5 25. Bxf7+ Rxf7 26.
Re8+ Rf8 27. Rxf8+ Kxf8 28. Rxa6 Kf7 29. Ra7 Kg6 30. Rxc7 Ng5 31. Nxg5 hxg5
32. Rxc5 Kh6 33. Bxg5+ Kg6 34. Be3 Kf7 35. b4 g5 36. b5 Ke7 37. b6 Kd6 38.
b7 Kd7 39. b8=Q Ke6 40. Qb6+ Kf7 41. Rc7+ Kg8 42. Qb8# {Black checkmated}
1-0

[Event "ICC tourney 2069 (15 5)"]
[Site "Internet Chess Club"]
[Date "2020.10.18"]
[Round "5"]
[White "Joselin2k16"]
[Black "mahugege"]
[Result "0-1"]
[ICCResult "White checkmated"]
[WhiteElo "1265"]
[BlackElo "1365"]
[Opening "English opening"]
[ECO "A10"]
[NIC "EO.64"]
[Time "16:03:08"]
[TimeControl "900+5"]

1. c4 g6 2. Nc3 Bg7 3. g3 Nf6 4. Bg2 d6 5. e3 Bg4 6. Nge2 Nc6 7. O-O Qd7 8.
b3 Bh3 9. Nf4 Bxg2 10. Nxg2 Ne4 11. d4 Nxc3 12. Qd3 Nxa2 13. Bb2 Nab4 14.
Qd2 O-O 15. d5 Bxb2 16. Qxb2 Ne5 17. Nf4 Ned3 18. Nxd3 Nxd3 19. Qe2 Nb4 20.
f4 c5 21. e4 a5 22. Ra3 a4 23. e5 axb3 24. Rxb3 Ra2 25. Qe4 Qh3 26. e6 Qxh2#
{White checkmated}
0-1

[Event "ICC tourney 2069 (15 5)"]
[Site "Internet Chess Club"]
[Date "2020.10.18"]
[Round "5"]
[White "OnseySeyon"]
[Black "Tacticsguy52"]
[Result "0-1"]
[ICCResult "White checkmated"]
[WhiteElo "1828"]
[BlackElo "1892"]
[Opening "English opening: Agincourt variation"]
[ECO "A13"]
[NIC "QP.09"]
[Time "16:02:51"]
[TimeControl "900+5"]

1. Nf3 d5 2. c4 e6 3. cxd5 exd5 4. g3 Nf6 5. Bg2 c6 6. O-O Bd6 7. d3 h6 8.
Nc3 O-O 9. e4 Nbd7 10. Re1 Ne5 11. Nxe5 Bxe5 12. d4 Bc7 13. e5 Nh7 14. Qh5
Be6 15. Be3 f6 16. Bh3 Bxh3 17. Qxh3 fxe5 18. dxe5 d4 19. Rad1 dxe3 20. Rxd8
exf2+ 21. Kf1 fxe1=R+ 22. Kxe1 Raxd8 23. Qe6+ Kh8 24. Qe7 Bxe5 25. Qxb7
Bxc3+ 26. bxc3 Ng5 27. Qxc6 Nf3+ 28. Ke2 Rde8+ 29. Kd1 Rc8 30. Qb7 Rfd8+ 31.
Ke2 Rxc3 32. Qxa7 Rd2+ 33. Kf1 Rc1# {White checkmated} 0-1

[Event "ICC tourney 2069 (15 5)"]
[Site "Internet Chess Club"]
[Date "2020.10.18"]
[Round "5"]
[White "ROWLAND"]
[Black "Newton209"]
[Result "1-0"]
[ICCResult "Black checkmated"]
[WhiteElo "1672"]
[BlackElo "1011"]
[Opening "Scotch game"]
[ECO "C45"]
[NIC "SO.04"]
[Time "16:05:21"]
[TimeControl "900+5"]

1. e4 e5 2. Nf3 Nc6 3. d4 exd4 4. Nxd4 Nxd4 5. Qxd4 Nf6 6. e5 Nh5 7. g4 Qh4
8. Be3 f6 9. gxh5 Qxh5 10. exf6 Qa5+ 11. Nc3 gxf6 12. Qxf6 Rg8 13. Bc4 Rg6
14. Bf7# {Black checkmated} 1-0

[Event "ICC tourney 2069 (15 5)"]
[Site "Internet Chess Club"]
[Date "2020.10.18"]
[Round "5"]
[White "hi321"]
[Black "arya2"]
[Result "0-1"]
[ICCResult "White resigns"]
[WhiteElo "1445"]
[BlackElo "1832"]
[Opening "Tennison (Lemberg, Zukertort) gambit"]
[ECO "B01"]
[NIC "VO.17"]
[Time "16:03:52"]
[TimeControl "900+5"]

1. e4 d5 2. Nf3 dxe4 3. Ng5 Nf6 4. d3 exd3 5. Bxd3 Nc6 6. O-O h6 7. Nf3 e6
8. Nc3 Bd6 9. Be3 O-O 10. Qd2 Qe7 11. a3 b6 12. h3 Bb7 13. Bxh6 gxh6 14.
Qxh6 Ne5 15. Qg5+ Ng6 16. Nh4 Nh7 17. Nxg6 Qxg5 {White resigns} 0-1

[Event "ICC tourney 2069 (15 5)"]
[Site "Internet Chess Club"]
[Date "2020.10.18"]
[Round "5"]
[White "jackthebest007"]
[Black "SatvikSharma"]
[Result "0-1"]
[ICCResult "White checkmated"]
[WhiteElo "1241"]
[BlackElo "1492"]
[Opening "Richter-Veresov attack"]
[ECO "D01"]
[NIC "QP.08"]
[Time "16:02:52"]
[TimeControl "900+5"]

1. d4 d5 2. Nc3 Nf6 3. Bg5 e6 4. e3 h6 5. Bxf6 Qxf6 6. Nf3 Bb4 7. a3 Bxc3+
8. bxc3 O-O 9. Bd3 Nc6 10. Ne5 Nxe5 11. dxe5 Qe7 12. f4 f6 13. exf6 Qxf6 14.
g3 Qxc3+ 15. Kf2 e5 16. a4 d4 17. f5 dxe3+ 18. Kg2 Bxf5 19. Qh5 Bxd3 20.
cxd3 Qc2+ 21. Kh3 Qxd3 22. Qxe5 Rfe8 23. Qh5 e2 24. Rae1 Qd7+ 25. Kg2 Qxa4
26. Rxe2 Rxe2+ 27. Qxe2 Qc6+ 28. Kh3 Qxh1 29. Qe6+ Kh7 30. Qf5+ Kh8 31. Qd7
c5 32. Qd6 c4 33. Qc5 Qf1+ 34. Kh4 Qc1 35. Kh3 c3 36. Kh4 c2 37. Kh3 Qd1 38.
Qxc2 Qxc2 39. Kh4 Qg2 40. h3 g6 41. g4 Rd8 42. g5 Rd4# {White checkmated}
0-1

[Event "ICC tourney 2069 (15 5)"]
[Site "Internet Chess Club"]
[Date "2020.10.18"]
[Round "5"]
[White "Aquaman"]
[Black "pranavchalla"]
[Result "1-0"]
[ICCResult "Black checkmated"]
[WhiteElo "1199"]
[BlackElo "1162"]
[Opening "Nimzovich-Larsen attack: modern variation"]
[ECO "A01"]
[NIC "VO.08"]
[Time "16:02:48"]
[TimeControl "900+5"]

1. b3 e5 2. Bb2 f6 3. e3 d5 4. Ne2 c6 5. Nbc3 Be6 6. f4 Bd6 7. fxe5 fxe5 8.
d4 Nf6 9. dxe5 Bxe5 10. Nd4 Bg4 11. Be2 Bxe2 12. Qxe2 Qe7 13. O-O-O b5 14.
Qe1 b4 15. Nce2 c5 16. Nf5 Qf7 17. Bxe5 Nbd7 18. Nd6+ Ke7 19. Nxf7 Kxf7 20.
Bxf6 Nxf6 21. Rf1 Rhf8 22. Rxd5 Kg8 23. Rxc5 Ne4 24. Qxb4 Nxc5 25. Rxf8+
Rxf8 26. Qxc5 a6 27. Nf4 g5 28. Qxg5+ Kh8 29. Ne6 Rg8 30. Qe5+ Rg7 31. Qxg7#
{Black checkmated}
1-0

[Event "ICC tourney 2069 (15 5)"]
[Site "Internet Chess Club"]
[Date "2020.10.18"]
[Round "5"]
[White "Ritvik08"]
[Black "Jwagner354"]
[Result "1-0"]
[ICCResult "Black checkmated"]
[WhiteElo "1090"]
[BlackElo "1289"]
[Opening "Petrov's defense"]
[ECO "C42"]
[NIC "RG.03"]
[Time "16:02:47"]
[TimeControl "900+5"]

1. e4 e5 2. Nf3 Nf6 3. Nxe5 Nc6 4. Nxc6 dxc6 5. Nc3 Bc5 6. Be2 O-O 7. O-O
Re8 8. d3 h5 9. Bxh5 g6 10. Be2 Kg7 11. h3 Rh8 12. Bf4 Nxe4 13. Nxe4 Bxh3
14. Be5+ f6 15. Bxf6+ Kf7 16. Bxd8 Raxd8 17. Nxc5 Bxg2 18. Kxg2 Rh4 19. Qd2
Rdh8 20. Rh1 b6 21. Rxh4 Rxh4 22. Qg5 Rb4 23. Rh1 bxc5 24. Rh7+ Kg8 25.
Qxg6+ Kf8 26. Qf7# {Black checkmated} 1-0

[Event "ICC tourney 2069 (15 5)"]
[Site "Internet Chess Club"]
[Date "2020.10.18"]
[Round "5"]
[White "Camrynz1"]
[Black "moneymo"]
[Result "0-1"]
[ICCResult "White resigns"]
[WhiteElo "1437"]
[BlackElo "1353"]
[Opening "Old Benoni defense"]
[ECO "A43"]
[NIC "OI.09"]
[Time "16:03:07"]
[TimeControl "900+5"]

1. d4 c5 2. e3 Nc6 3. b3 a6 4. Bb2 e6 5. Bd3 d5 6. Nf3 b5 7. a4 c4 8. bxc4
bxc4 9. Be2 g5 10. Ne5 Nce7 11. Bh5 Ng6 12. Bxg6 hxg6 13. Qf3 Nh6 14. Na3
Bg7 15. Naxc4 g4 16. Qf4 dxc4 17. Ba3 g5 18. Qe4 Bd7 19. Nxd7 Kxd7 20. O-O
f5 21. Rab1 fxe4 22. Rb7+ Qc7 23. Rxc7+ Kxc7 24. Bc5 Kc6 25. Rb1 Rhb8 26.
Rb4 Rxb4 27. Bxb4 Rb8 28. c3 a5 {White resigns} 0-1

[Event "ICC tourney 2069 (15 5)"]
[Site "Internet Chess Club"]
[Date "2020.10.18"]
[Round "5"]
[White "anandmenon"]
[Black "lucasnc"]
[Result "0-1"]
[ICCResult "White checkmated"]
[WhiteElo "1022"]
[BlackElo "1357"]
[Opening "Three knights game"]
[ECO "C46"]
[NIC "KP.06"]
[Time "16:03:09"]
[TimeControl "900+5"]

1. e4 e5 2. Nf3 Nc6 3. Nc3 Bb4 4. g4 Nf6 5. Bh3 O-O 6. g5 Nh5 7. Bg4 Nf4 8.
h4 d5 9. exd5 Nxd5 10. Rh3 Nxc3 11. dxc3 Qxd1+ 12. Kxd1 Bxg4 13. Rh1 Bxf3+
14. Kd2 Bxh1 15. Ke3 Bc5+ 16. Kd2 Bxf2 17. Kd3 e4+ 18. Kd2 Rad8+ 19. Ke2 e3
20. Bxe3 Bxe3 21. Rxh1 Rfe8 22. c4 Rd2+ 23. Ke1 Rxc2 24. Rh3 Bf2+ 25. Kf1
Ree2 26. Rb3 Bg3 27. a3 Re1# {White checkmated} 0-1

[Event "ICC tourney 2069 (15 5)"]
[Site "Internet Chess Club"]
[Date "2020.10.18"]
[Round "5"]
[White "agangal1"]
[Black "fdhamija"]
[Result "0-1"]
[ICCResult "White checkmated"]
[WhiteElo "1256"]
[BlackElo "1310"]
[Opening "Sicilian"]
[ECO "B50"]
[NIC "SI.01"]
[Time "16:03:04"]
[TimeControl "900+5"]

1. e4 c5 2. Nf3 d6 3. Nc3 Nf6 4. Bc4 a6 5. b3 b5 6. Bd3 b4 7. Nd5 Nxd5 8.
exd5 Bb7 9. c4 bxc3 10. dxc3 Bxd5 11. c4 Bb7 12. Bb2 Nd7 13. O-O e5 14. Re1
Nf6 15. Qc2 Be7 16. a4 Bxf3 17. gxf3 O-O 18. Be4 Rb8 19. Red1 Nxe4 20. Qxe4
Qc7 21. Qg4 Qc8 22. f4 Qxg4+ 23. Kf1 Qh3+ 24. Ke1 Bh4 25. fxe5 Qe3+ 26. Kf1
Qxf2# {White checkmated} 0-1

[Event "ICC tourney 2069 (15 5)"]
[Site "Internet Chess Club"]
[Date "2020.10.18"]
[Round "5"]
[White "HiHiItsByeBye"]
[Black "RM26"]
[Result "0-1"]
[ICCResult "White resigns"]
[WhiteElo "1238"]
[BlackElo "1408"]
[Opening "Three knights game"]
[ECO "C46"]
[NIC "KP.06"]
[Time "16:02:50"]
[TimeControl "900+5"]

1. e4 e5 2. Nf3 Nc6 3. Nc3 Bb4 4. Bc4 d6 5. d3 Bg4 6. h3 Bxf3 7. gxf3 Nd4 8.
Be3 Qf6 9. Bxd4 exd4 10. e5 dxe5 11. a3 dxc3 12. axb4 cxb2 13. Rb1 e4 14.
fxe4 O-O-O 15. Qg4+ Kb8 16. h4 Qc3+ 17. Kd1 Qxb4 18. Qxg7 Ne7 19. Rxb2 Qa4
20. Kd2 Rhg8 21. Qxf7 Nc6 22. Bd5 Rg2 23. Ke3 Qd4+ 24. Ke2 Qxb2 25. e5 Nd4+
26. Ke3 Nxc2+ 27. Ke4 Qd4+ 28. Kf3 Rxf2+ {White resigns} 0-1

[Event "ICC tourney 2069 (15 5)"]
[Site "Internet Chess Club"]
[Date "2020.10.18"]
[Round "5"]
[White "Yeetamus123"]
[Black "jjplaman"]
[Result "1-0"]
[ICCResult "Black checkmated"]
[WhiteElo "1359"]
[BlackElo "1411"]
[Opening "Caro-Kann: exchange, Rubinstein variation"]
[ECO "B13"]
[NIC "CK.02"]
[Time "16:02:55"]
[TimeControl "900+5"]

1. e4 c6 2. d4 d5 3. exd5 cxd5 4. Bd3 Nc6 5. c3 Nf6 6. Bf4 Bg4 7. Qb3 Qd7 8.
Nd2 e6 9. Ngf3 Be7 10. Ne5 Nxe5 11. dxe5 Nh5 12. Bb5 Nxf4 13. Bxd7+ Kxd7 14.
Qa4+ Kc7 15. Qxf4 Bf5 16. O-O Rac8 17. Rac1 Kb8 18. c4 h6 19. cxd5 Bg5 20.
Rxc8+ Rxc8 21. Qd4 Rd8 22. d6 Rc8 23. f4 Bh4 24. g3 Bd8 25. Qb4 Bb6+ 26. Kh1
Rc2 27. d7 Rxd2 28. Qf8+ Kc7 29. Qc8# {Black checkmated} 1-0

[Event "ICC tourney 2069 (15 5)"]
[Site "Internet Chess Club"]
[Date "2020.10.18"]
[Round "5"]
[White "sasha-zlodorev"]
[Black "carokantor"]
[Result "0-1"]
[ICCResult "White checkmated"]
[WhiteElo "1240"]
[BlackElo "1653"]
[Opening "Bird's opening"]
[ECO "A02"]
[NIC "VO.07"]
[Time "16:02:53"]
[TimeControl "900+5"]

1. f4 d6 2. Nf3 c5 3. e4 g6 4. c3 Bg7 5. d4 Nf6 6. Bd3 cxd4 7. cxd4 b6 8.
Nc3 O-O 9. O-O Ba6 10. Be3 Ng4 11. Bxa6 Nxe3 12. Qd3 Nxf1 13. Bb7 Nxh2 14.
Nxh2 Nd7 15. Bxa8 Qxa8 16. Rd1 Rc8 17. Nd5 Kf8 18. Nf3 Nf6 19. Nxf6 Bxf6 20.
e5 Bg7 21. Ng5 Qd5 22. Nxh7+ Kg8 23. Qh3 Rc2 24. Ng5 dxe5 25. fxe5 Bxe5 26.
Qh7+ Kf8 27. Qxf7+ Qxf7 28. Nxf7 Kxf7 29. dxe5 Rxb2 30. a4 Ra2 31. Rd4 Ke6
32. Rg4 Kf5 33. Rc4 Kxe5 34. Rc7 Rxa4 35. Rxe7+ Kf6 36. Re1 b5 37. Rb1 b4
38. Kf2 a5 39. Kf3 Kf5 40. Kf2 Kf4 41. g3+ Kg4 42. Rb3 Ra2+ 43. Ke1 Rg2 44.
Kd1 Rxg3 45. Rb2 b3 46. Kd2 Rg2+ 47. Kc3 Rxb2 48. Kxb2 a4 49. Ka3 Kf3 50.
Kb2 g5 51. Ka3 g4 52. Kb2 g3 53. Ka3 g2 54. Kb2 g1=Q 55. Ka3 Qa1+ 56. Kb4 b2
57. Kc4 b1=Q 58. Kc5 Qd3 59. Kb4 Qac3+ 60. Kxa4 Qdc4# {White checkmated} 0-1

[Event "ICC tourney 2069 (15 5)"]
[Site "Internet Chess Club"]
[Date "2020.10.18"]
[Round "5"]
[White "bengernt"]
[Black "Hydra88"]
[Result "0-1"]
[ICCResult "White resigns"]
[WhiteElo "1373"]
[BlackElo "1484"]
[Opening "French: advance, Paulsen attack"]
[ECO "C02"]
[NIC "FR.03"]
[Time "16:03:14"]
[TimeControl "900+5"]

1. e4 e6 2. d4 d5 3. e5 c5 4. c3 Nc6 5. Nf3 Qb6 6. Qc2 cxd4 7. cxd4 Nxd4 8.
Nxd4 Qxd4 9. Bb5+ Bd7 10. Bxd7+ Kxd7 11. Qc3 Qxc3+ 12. Nxc3 Bb4 13. Bd2 Bxc3
14. Bxc3 Ne7 15. f4 Nf5 16. O-O Rhc8 17. Rad1 Ne3 18. Kf2 Nxd1+ 19. Rxd1 Rc4
20. Kf3 b5 21. a3 a5 22. Rd2 b4 23. axb4 axb4 24. Bd4 Rac8 25. Rd3 R8c6 26.
b3 Rc2 27. Rd1 Ra6 28. h3 Raa2 29. g3 Rd2 30. Rxd2 Rxd2 31. Ke3 Rc2 32. Kf3
g6 33. g4 Rh2 34. Kg3 Rd2 35. Bc5 Rd3+ 36. Kh4 Rxb3 37. Kg5 Ke8 38. h4 Rb1
39. Kh6 Rh1 40. Kg5 b3 41. h5 b2 {White resigns} 0-1

[Event "ICC tourney 2069 (15 5)"]
[Site "Internet Chess Club"]
[Date "2020.10.18"]
[Round "5"]
[White "ARJUNCHESS05"]
[Black "blueidolon"]
[Result "1-0"]
[ICCResult "Black resigns"]
[WhiteElo "1325"]
[BlackElo "1161"]
[Opening "Ruy Lopez: classical (Cordel) defense"]
[ECO "C64"]
[NIC "RL.01"]
[Time "16:02:58"]
[TimeControl "900+5"]

1. e4 e5 2. Nf3 Nc6 3. Bb5 Bc5 4. Bxc6 bxc6 5. Nxe5 Nf6 6. d3 Bd6 7. Nf3 Bc5
8. Bg5 O-O 9. Nh4 h6 10. Bxf6 Qxf6 11. Nf3 Qg6 12. O-O d6 13. Na3 Bh3 14.
Ne1 Bb4 15. c3 Bxa3 16. bxa3 Rae8 17. Qf3 Bg4 18. Qg3 Be2 19. Qxg6 fxg6 20.
Nf3 Bxf1 21. Rxf1 Rf7 22. a4 Rb8 23. a5 Rb2 24. a4 Ra2 25. Nd4 c5 26. Nc6 a6
27. d4 cxd4 28. cxd4 Rxa4 29. e5 dxe5 30. dxe5 Rf8 31. e6 Re8 32. e7 Rc4 33.
Ne5 Rc5 34. Nxg6 Kf7 35. Nf4 Rxe7 36. h3 Rxa5 37. Rc1 c5 38. Nd5 Rd7 39. Nb6
Rb7 40. Nc4 Rab5 41. Nd6+ Ke7 42. Nxb7 Rxb7 43. Rxc5 Rb1+ 44. Kh2 Kd6 45.
Ra5 Rb6 46. g4 Kc6 47. Kg3 Kd7 48. f4 Ke6 49. f5+ Kf6 50. Kh4 Kf7 51. g5
hxg5+ 52. Kxg5 Kf8 53. h4 Kg8 54. h5 Kh7 55. Re5 Rb5 56. Re6 Rb3 57. h6 Kg8
58. Re8+ Kf7 59. Re6 Rg3+ 60. Kf4 Rh3 61. hxg7 Kxg7 62. Rxa6 Rh4+ 63. Ke5
Rh5 64. Rg6+ Kf7 65. Rf6+ Kg7 66. Ke6 Kg8 67. Rf7 Kh8 68. f6 Rh6 69. Ke7
Rxf6 70. Rxf6 Kh7 71. Rf7+ Kh6 72. Kf6 Kh5 73. Kf5 Kh4 74. Kf4 Kh5 75. Kf5
Kh4 76. Rh7+ Kg3 77. Re7 Kf3 78. Kg6 Kf2 79. Kg5 Kf3 80. Kf5 Kg2 81. Kf4 Kf2
82. Re3 Kg2 83. Rg3+ Kf2 84. Rf3+ Ke2 85. Rc3 Kd2 86. Rc8 Kd3 87. Ke5 Ke3
88. Rc3+ Kf2 89. Ke4 Ke2 90. Rc2+ Kf1 91. Ke3 Kg1 92. Kf3 Kh1 93. Kg3
{Black resigns}
1-0

[Event "ICC tourney 2069 (15 5)"]
[Site "Internet Chess Club"]
[Date "2020.10.18"]
[Round "5"]
[White "alanl"]
[Black "searchforbobby1"]
[Result "0-1"]
[ICCResult "White resigns"]
[WhiteElo "1769"]
[BlackElo "2023"]
[Opening "Sicilian: Smith-Morra gambit"]
[ECO "B21"]
[NIC "SI.47"]
[Time "16:02:46"]
[TimeControl "900+5"]

1. e4 c5 2. d4 cxd4 3. c3 Nf6 4. e5 Nd5 5. cxd4 Nc6 6. Nc3 Nxc3 7. bxc3 d5
8. Ba3 Qa5 9. Bb2 Bf5 10. Nf3 e6 11. Qb3 Qc7 12. Be2 Be7 13. O-O O-O 14.
Rac1 Na5 15. Qd1 Rfc8 16. Qd2 Nc4 17. Bxc4 Qxc4 18. Ba1 Rc6 19. Qe3 Qxa2 20.
Rfd1 b5 21. Rd2 Qa5 22. Rb2 Rac8 23. Rbb1 Bxb1 {White resigns} 0-1

[Event "ICC tourney 2069 (15 5)"]
[Site "Internet Chess Club"]
[Date "2020.10.18"]
[Round "5"]
[White "chessrex"]
[Black "StevenRojasS"]
[Result "0-1"]
[ICCResult "White resigns"]
[WhiteElo "1978"]
[BlackElo "1782"]
[Opening "Blackmar-Diemer: Euwe defense"]
[ECO "C10"]
[NIC "FR.04"]
[Time "16:03:03"]
[TimeControl "900+5"]

1. d4 d5 2. e4 e6 3. Nc3 dxe4 4. f3 exf3 5. Nxf3 Nf6 6. Bg5 c5 7. Bxf6 gxf6
8. d5 Bg7 9. Bb5+ Bd7 10. dxe6 fxe6 11. Qe2 Qe7 12. O-O-O a6 13. Bxd7+ Nxd7
14. Rhe1 Kf7 15. Nd5 Qd6 16. Ne3 Qc6 17. Rf1 Kg8 18. Nc4 Nf8 19. Rd6 Qc7 20.
Rfd1 Re8 21. g4 b5 22. Ne3 h6 23. Rxa6 h5 24. g5 fxg5 25. Nxg5 Qe5 26. c3
Qxg5 27. Kb1 b4 28. cxb4 cxb4 29. Ka1 Rh6 30. Qb5 Qxb5 {White resigns} 0-1

[Event "ICC tourney 2069 (15 5)"]
[Site "Internet Chess Club"]
[Date "2020.10.18"]
[Round "5"]
[White "AdityaBang"]
[Black "akhilv"]
[Result "1-0"]
[ICCResult "Black checkmated"]
[WhiteElo "1370"]
[BlackElo "942"]
[Opening "Sicilian: Smith-Morra gambit"]
[ECO "B21"]
[NIC "SI.48"]
[Time "16:02:53"]
[TimeControl "900+5"]

1. e4 c5 2. d4 cxd4 3. c3 dxc3 4. Nxc3 Nc6 5. Nf3 e5 6. Be3 Nf6 7. Bc4 Bb4
8. O-O Bxc3 9. bxc3 Nxe4 10. Qd5 O-O 11. Qxe4 Re8 12. Ng5 g6 13. Bxf7+ Kg7
14. Bxe8 Qxe8 15. Qh4 h5 16. Ne4 Qe7 17. Bg5 Qe6 18. Bf6+ Kf8 19. Qg5 Ke8
20. Qxg6+ Qf7 21. Nd6+ Kf8 22. Qxf7# {Black checkmated} 1-0

[Event "ICC tourney 2069 (15 5)"]
[Site "Internet Chess Club"]
[Date "2020.10.18"]
[Round "5"]
[White "agastyap"]
[Black "arjun052412"]
[Result "1-0"]
[ICCResult "Black checkmated"]
[WhiteElo "1245"]
[BlackElo "1017"]
[Opening "Scandinavian (center counter) defense"]
[ECO "B01"]
[NIC "SD.01"]
[Time "16:02:39"]
[TimeControl "900+5"]

1. e4 d5 2. exd5 Qxd5 3. Nc3 Qa5 4. d3 c6 5. Bd2 Qc7 6. Nf3 Nf6 7. Qe2 Bf5
8. O-O-O Nbd7 9. g3 O-O-O 10. Bg2 e6 11. Bf4 Qa5 12. Ne5 Nxe5 13. Qxe5 Bb4
14. Qb8+ Kd7 15. Qxb7+ Ke8 16. Bc7 Rd7 17. Bxa5 Rxb7 18. Bxb4 Rxb4 19. Bxc6+
Ke7 20. Rhe1 Bg4 21. Rd2 Kd8 22. a3 Rb6 23. Ba4 Ke7 24. Bb3 Rhb8 25. Re4
Nxe4 26. dxe4 Kf8 27. Na4 Rc6 28. Nc3 Rb7 29. Nd5 Rd6 30. Nf4 Rxd2 31. Kxd2
e5 32. Nd3 Be6 33. Bxe6 fxe6 34. Nxe5 Rxb2 35. Nd7+ Ke7 36. Ne5 Ra2 37. Nc4
Kd7 38. Kc1 Kc6 39. Kb1 Rxa3 40. Nxa3 Kb6 41. Kb2 a5 42. Kb3 Kc5 43. Kc3 h5
44. Kd3 Kb4 45. Nb1 a4 46. Ke3 Kc4 47. Kf4 g6 48. h4 Kd4 49. Kg5 Kxe4 50.
Kxg6 Kf3 51. Kxh5 Kxf2 52. c4 Ke1 53. c5 Kd1 54. c6 Kc1 55. Na3 Kb2 56. c7
Kxa3 57. c8=Q Kb3 58. Qxe6+ Kb2 59. g4 a3 60. g5 a2 61. Qxa2+ Kxa2 62. g6
Kb3 63. Kg5 Kc4 64. h5 Kd5 65. h6 Ke6 66. g7 Kf7 67. Kh5 Kg8 68. Kg5 Kh7 69.
Kf6 Kg8 70. Kg5 Kh7 71. Kf6 Kg8 72. Ke7 Kh7 73. Kf7 Kxh6 74. g8=Q Kh5 75.
Kf6 Kh4 76. Kf5 Kh3 77. Kf4 Kh2 78. Kf3 Kh1 79. Kf2 Kh2 80. Qh8#
{Black checkmated}
1-0

[Event "ICC tourney 2069 (15 5)"]
[Site "Internet Chess Club"]
[Date "2020.10.18"]
[Round "5"]
[White "mexicoreal"]
[Black "pauldepstein"]
[Result "1-0"]
[ICCResult "Black checkmated"]
[WhiteElo "1960"]
[BlackElo "1253"]
[Opening "Philidor: exchange variation"]
[ECO "C41"]
[NIC "KP.08"]
[Time "16:02:51"]
[TimeControl "900+5"]

1. e4 e5 2. Nf3 d6 3. d4 exd4 4. Qxd4 Nc6 5. Bb5 Bd7 6. Bxc6 Bxc6 7. c4 Be7
8. O-O Nf6 9. Nc3 Qd7 10. Re1 b6 11. Nd5 Bxd5 12. exd5 O-O-O 13. Bd2 Nh5 14.
Rxe7 Qxe7 15. Qg4+ Kb8 16. Qxh5 g6 17. Qg5 f6 18. Qe3 Qd7 19. Nd4 Rde8 20.
Qa3 a5 21. b4 Qg4 22. Nc6+ Kb7 23. bxa5 Qxc4 24. axb6 cxb6 25. Qa7+ Kc8 26.
Qa8+ Kc7 27. Qa7+ Kc8 28. Qb8+ Kd7 29. Qb7# {Black checkmated} 1-0